 Dungeon Crawl Stone Soup version 0.31-a0-1161-g593ecc88b7 (webtiles) character file.

Game seed: 1770924594706297199

5693 graki42 the Cleaver (level 10, -3/91 HPs)
             Began as a Hill Orc Fighter on Dec 7, 2023.
             Was a Priest of the Shining One.
             Slain by a gnoll sergeant
             ... wielding a +1 antimagic trident
              (7 damage)
             ... on level 8 of the Dungeon on Dec 8, 2023.
             The game lasted 00:17:23 (7904 turns).

graki42 the Cleaver (Hill Orc Fighter)              Turns: 7904, Time: 00:17:23

Health: -3/91      AC: 14    Str: 24    XL:     10   Next: 76%
Magic:  8/16       EV:  8    Int:  8    God:    the Shining One [***...]
Gold:   208        SH:  5    Dex: 10    Spells: 9/9 levels left

rFire   . . .        u - +8 hand axe (heavy)
rCold   . . .        c - +0 buckler
rNeg    + . .        r - +0 chain mail
rPois   .            b - +1 helmet
rElec   .            (no cloak)
rCorr   .            (no gloves)
SInv    .            t - +0 pair of boots
Will    .....        (no amulet) Stlth
                     (no ring)
HPRegen 0.35/turn    (no ring)
MPRegen 0.15/turn

%: no passive effects
@: glowing
A: no striking features
a: Renounce Religion, Divine Shield, Cleansing Flame


You were on level 8 of the Dungeon.
You worshipped the Shining One.
The Shining One was most pleased with you.
You visited 1 branch of the dungeon, and saw 8 of its levels.
You also visited: Sewer.

You collected 346 gold pieces.
You spent 138 gold pieces at shops.

Inventory:

Hand Weapons
 a - a +0 war axe
 u - a +8 heavy hand axe (weapon)
 C - a +0 war axe of freezing
Armour
 b - a +1 helmet (worn)
 c - a +0 buckler (worn)
 f - a +0 pair of boots
 r - a +0 chain mail (worn)
 t - a +0 pair of boots (worn)
Jewellery
 g - an amulet of magic regeneration
 y - a ring of fire
 D - a ring of see invisible
Wands
 i - a wand of roots (9)
 A - a wand of flame (19)
Scrolls
 k - 2 scrolls of noise
 m - 5 scrolls of teleportation
 n - 2 scrolls of enchant armour
 o - a scroll of immolation {unknown}
 q - 2 scrolls of fog
 v - 3 scrolls of identify
Potions
 d - 3 potions of might
 e - a potion of berserk rage {unknown}
 h - 2 potions of brilliance
 j - 2 potions of curing {unknown}
 l - 3 potions of haste {unknown}
 p - 4 potions of resistance {unknown}
 s - 2 potions of lignification {unknown}
 x - 7 potions of degeneration
 z - 2 potions of heal wounds {unknown}
 B - 2 potions of ambrosia
 E - a potion of magic {unknown}


   Skills:
 + Level 9.5 Fighting
 + Level 9.7 Axes
 + Level 8.6 Armour
 + Level 8.6 Shields
 + Level 8.3 Invocations


You had 9 spell levels left.
You didn't know any spells.
Your spell library contained the following spells:

 Spells                   Type           Power      Damage    Failure   Level
 Apportation              Tloc           0%         N/A       92%         1
 Freeze                   Ice            0%         1d3       92%         1
 Necrotise                Necr           0%         1d4       92%         1
 Shock                    Conj/Air       0%         1d3       92%         1
 Sting                    Tmut/Pois      0%         1d3       92%         1
 Poisonous Vapours        Pois/Air       0%         N/A       98%         2
 Scorch                   Fire           0%         2d5       98%         2
 Sublimation of Blood     Necr           0%         N/A       98%         2
 Frozen Ramparts          Ice            0%         1d1       100%        3
 Hailstorm                Conj/Ice       0%         3d5       100%        3
 Inner Flame              Hex/Fire       0%         N/A       100%        3
 Swiftness                Air            0%         N/A       100%        3
 Tukima's Dance           Hex            0%         N/A       100%        3
 Vampiric Draining        Necr           0%         2d6       100%        3
 Airstrike                Air            0%         2d(0-16)  100%        4
 Flame Wave               Conj/Fire      0%         2d4       100%        4
 Olgreb's Toxic Radiance  Pois           0%         N/A       100%        4
 Passage of Golubria      Tloc           0%         N/A       100%        4
 Sticky Flame             Conj/Fire      0%         2d3       100%        4
 Agony                    Necr           0%         N/A       100%        5
 Yara's Violent Unravell  Hex/Tmut       0%         3d3       100%        5
 Summon Cactus Giant      Summ           0%         N/A       100%        6


Dungeon Overview and Level Annotations

Branches:
Dungeon (8/15)             Temple (0/1) D:6           Sewer (visited)
   Lair: D:8-11

Altars:
Kikubaaqudgha
Qazlal
Trog
Uskayaw
Xom
Zin
The Shining One

Shops:
D:1 ![?   D:2 ?   D:4 *(*[


Message History

You slice the yak!!
The yak is heavily wounded.
The yak closely misses you. You block the yak's attack.
You slice the yak!!
The yak is almost dead.
The yak gores you but does no damage.
You hit the yak.
You kill the yak!
You slash the gnoll!
You kill the gnoll!
You slash the gnoll!
You kill the gnoll!
Unknown command.
You start resting.
You hear the slow hiss of an avalanche of sand very nearby.
You hear the creaking of a distant portcullis.
You start resting.
A gnoll comes into view. It is wielding a +0 flail.
You feel a little less mighty now.
Items here: )) ††††††.
The gnoll shouts!
You hear a shout!
A gnoll sergeant comes into view. It is wielding a +1 antimagic trident.
You slash the gnoll!
You kill the gnoll!
You see here a +0 flail.
The gnoll sergeant hits you with a +1 antimagic trident!
* * * LOW HITPOINT WARNING * * *
You feel your power leaking away.
You hit the gnoll sergeant.
The gnoll sergeant is lightly wounded.
The gnoll sergeant hits you with a +1 antimagic trident!
* * * LOW HITPOINT WARNING * * *
You feel your power leaking away.
You hit the gnoll sergeant.
The gnoll sergeant is moderately wounded.
The gnoll sergeant closely misses you.
You barely miss the gnoll sergeant.
The gnoll sergeant is moderately wounded.
The gnoll sergeant hits you with a +1 antimagic trident!
You die...

#.#..........
#)#.....###.#
#.......#
###......#
#........#
#.#.#....#
#.#.#....#### #
#..).......
#..@....#..
......#g.......
###......##.##.
#.###.## .# #.
... # # ... ...
.....


You could see a gnoll sergeant.

Vanquished Creatures
  A two-headed ogre (D:6)
  Grinder (D:4)
  A shadow (D:6)
  6 yaks (D:8)
  Eustachio (D:4)
  2 water moccasins
  3 ice beasts
  A sky beast (D:6)
  3 black bears
  3 ogres
  3 centaurs
  2 kobold brigands
  4 phantoms
  2 brain worms (Sewer)
  4 bullfrogs
  A scorpion (D:6)
  9 wights
  3 quasits (D:6)
  4 hounds
  3 jellies
  5 orc priests
  4 iguanas
  4 orc wizards
  7 gnolls
  13 adders
  A river rat (Sewer)
  A shadow imp (D:6)
  7 white imps
  3 ufetubi
  3 worms
  A dart slug (D:4)
  20 orcs
  11 ball pythons
  9 endoplasms
  3 giant cockroaches
  18 goblins
  9 hobgoblins
  3 jackals (D:1)
  7 quokkas
  6 bats
  4 frilled lizards
  9 kobolds
  8 rats
213 creatures vanquished.

Notes
Turn   | Place    | Note
-------+----------+-------------------------------------------
     0 | D:1      | graki42 the Hill Orc Fighter began the quest for the Orb.
     0 | D:1      | Reached XP level 1. HP: 19/19 MP: 1/1
    44 | D:1      | Found a faded altar of an unknown god.
    63 | D:1      | Found Toigyeh's Antique Armour Shoppe.
   112 | D:1      | Reached XP level 2. HP: 27/27 MP: 2/2
   332 | D:1      | Found Aruruoh's Magic Scroll Shop.
   638 | D:1      | Found Unupru Enoa's Distillery.
   664 | D:1      | Reached XP level 3. HP: 30/33 MP: 3/3
  1458 | D:2      | Reached XP level 4. HP: 40/40 MP: 4/4
  1473 | D:2      | Found The Oracle's Delphic Readings.
  1935 | D:3      | Found a glowing drain.
  1953 | Sewer    | Entered a sewer
  2054 | Sewer    | Noticed a brain worm
  2063 | Sewer    | Killed a brain worm
  2064 | Sewer    | Reached XP level 5. HP: 41/47 MP: 5/5
  2122 | Sewer    | Reached skill level 5 in Fighting
  2122 | Sewer    | Reached XP level 6. HP: 54/56 MP: 6/6
  2508 | D:3      | Got the Elucidation of Spectral Movement
  2583 | D:3      | Found a stormy altar of Qazlal.
  2591 | D:3      | Found a hide-covered altar of Uskayaw.
  2598 | D:3      | Found a bloodstained altar of Trog.
  2604 | D:3      | Found a glowing golden altar of the Shining One.
  2608 | D:3      | Became a worshipper of the Shining One
  2618 | D:3      | Found a glowing silver altar of Zin.
  2625 | D:3      | Found a shimmering altar of Xom.
  2631 | D:3      | Found an ancient bone altar of Kikubaaqudgha.
  2898 | D:4      | Noticed Grinder
  2907 | D:4      | Paralysed by Grinder for 4 turns
  2927 | D:4      | Killed Grinder
  2928 | D:4      | Reached skill level 5 in Axes
  2928 | D:4      | Reached skill level 5 in Armour
  2928 | D:4      | Reached skill level 5 in Shields
  2928 | D:4      | Reached XP level 7. HP: 21/61 MP: 6/8
  3127 | D:4      | Noticed Eustachio
  3166 | D:4      | Killed Eustachio
  3803 | D:4      | Found Jejouthreof's General Store.
  3806 | D:4      | Found Sakluokk's General Store.
  3807 | D:4      | Found Wurriec's Antique Weapon Boutique.
  3809 | D:4      | Found Iquwof's Antique Armour Boutique.
  3812 | D:4      | Reached XP level 8. HP: 70/70 MP: 10/10
  4899 | D:4      | Bought a runed hand axe for 138 gold pieces
  4911 | D:5      | Entered Level 5 of the Dungeon
  5535 | D:5      | Reached * piety under the Shining One
  5682 | D:5      | Reached skill level 5 in Invocations
  5711 | D:5      | Upgraded the game from 0.31-a0-1154-gadca813884 to
                  | 0.31-a0-1161-g593ecc88b7
  5739 | D:6      | Noticed a two-headed ogre
  5747 | D:6      | Killed a two-headed ogre
  5748 | D:6      | Reached XP level 9. HP: 40/80 MP: 11/13
  6136 | D:6      | Found a staircase to the Ecumenical Temple.
  6584 | D:6      | Reached ** piety under the Shining One
  6585 | D:6      | Reached XP level 10. HP: 85/90 MP: 15/15
  7482 | D:7      | Reached *** piety under the Shining One
  7902 | D:8      | HP: 4/91 [gnoll sergeant/+1 antimagic trident (10)]
  7904 | D:8      | Slain by a gnoll sergeant

Illustrated notes

Levels and vault maps discovered:
D:1:      amcnicky_arrival_underground_garden, layout_loops_corners,
          hellmonk_ecumenical_altar_dog_temple, serial_shops, shop, shop, shop
D:2:      layout_loops_ring, nicolae_nh_oracle_at_delphi
D:3:      layout_basic, grunt_temple_overflow_octagram, portal_sewer_entry_a
D:4:      minmay_razor_zed, layout_layer_cave, minmay_shop_grid_forest,
          minmay_ogre_servants, uniq_grinder, uniq_eustachio
D:5:      layout_loops_ring, columned_hall_lemuel, minmay_increasing_density
D:6:      kennysheep_six_static_rooms, layout_basic, minmay_temple_entry_wispy,
          serial_demonic, serial_demonic_g, serial_demonic_c, serial_demonic_c,
          serial_demonic_d, hangedman_decor_points, blue_anna_alchemist
D:7:      layout_gridville
D:8:      layout_loops_cross, enter_bailey_4, enter_ossuary_4, serial_aquarium,
          aquarium_bridge_square [aquarium_subvault_wall,
          aquarium_subvault_bridge, aquarium_subvault_wall,
          aquarium_subvault_bridge], aquarium_bridge_straight
          [aquarium_subvault_bridge, aquarium_subvault_wall,
          aquarium_subvault_bridge, aquarium_subvault_window],
          aquarium_window_fake, aquarium_window_1, aquarium_view_2a,
          jiyva_altar_1, uniq_joseph, uniq_erica, uniq_maggie

Skill      XL: |  1  2  3  4  5  6  7  8  9 10 |
---------------+-------------------------------+-----
Axes           | 3 4 5 6 7 8 9 |  9.7
Fighting       | 4 5 6 7 8 9 |  9.5
Armour         | 4 5 6 7 8 |  8.6
Shields        | 4 5 6 7 8 |  8.6
Invocations    | 2 3 5 7 8 |  8.3

Action                     |  1- 3 |  4- 6 |  7- 9 | 10-12 || total
---------------------------+-------+-------+-------+-------++-------
  Melee: War axe           |   122 |    93 |   114 |       ||   329
         Hand axe          |       |       |   111 |    94 ||   205
    Use: Scroll            |       |     2 |       |     7 ||     9
         Potion            |       |       |     2 |     1 ||     3
 Armour: Scale mail        |    97 |    76 |    74 |       ||   247
         Chain mail        |       |       |   196 |   112 ||   308
  Dodge: Dodged            |    69 |    44 |   123 |    46 ||   282
  Block: Buckler           |    32 |    19 |    75 |    26 ||   152

Table legend: (Time is in decaauts)
 A = Elapsed time spent in this place.
 B = Non-inter-level travel time spent in this place.
 C = Inter-level travel time spent in this place.
 D = Time resting spent in this place.
 E = Time spent auto-exploring this place.
 F = Levels seen in this place.
 G = Mean time per level.
                   A        B        C        D        E       F      G
               +--------+--------+--------+--------+--------+-----+--------+
         Total |   8144 |   8019 |    125 |    149 |   6474 |   9 |  904.9 |
       Dungeon |   7711 |   7586 |    125 |    149 |   6190 |   8 |  963.9 |
         Sewer |    433 |    433 |      0 |      0 |    284 |   1 |  433.0 |
               +--------+--------+--------+--------+--------+-----+--------+

Top non-repeatable levels by time:
     D:4: 2124 daAuts
     D:6: 1267 daAuts
     D:1: 1045 daAuts
     D:5: 837 daAuts
     D:7: 742 daAuts
     D:2: 739 daAuts
     D:3: 735 daAuts
   Sewer: 433 daAuts
     D:8: 218 daAuts
